[ PARTIDA AOE2 · #482922273 ]
UnrankedItalianos vs Dravidians
[ ANÁLISIS DE REPETICIÓN · EXTRAÍDO DE LA PARTIDA GRABADA ]
Feudal
12:39
Castillos
18:49
Imperial
26:05
| APM promedio | 32.2 |
| APM pico | 73 |
| eAPM promedio | 20.5 |
| Aldeanos / militares | 74 / 22 |
Foco
⚔️ 29.9% · 🌾 70.1%
Fishing Ship ×28 · Genoese Crossbowman ×18 · Trebuchet (Packed) ×3 · Bombard Cannon ×1
Feudal
13:36
Castillos
18:15
Imperial
—
| APM promedio | 32.1 |
| APM pico | 82 |
| eAPM promedio | 21.2 |
| Aldeanos / militares | 70 / 6 |
Foco
⚔️ 29.4% · 🌾 70.6%
Fishing Ship ×12 · Unknown (2626) ×9 · Mangonel ×3 · Fire Galley ×1 · Urumi Swordsman ×1 · Armored Elephant ×1
Feudal
13:53
Castillos
17:45
Imperial
—
| APM promedio | 32.8 |
| APM pico | 74 |
| eAPM promedio | 13.6 |
| Aldeanos / militares | 36 / 49 |
Foco
⚔️ 29.6% · 🌾 70.4%
Fire Lancer ×37 · Fishing Ship ×11 · Battering Ram ×7 · Scorpion ×5 · Unknown (2626) ×2
Feudal
11:54
Castillos
24:29
Imperial
—
| APM promedio | 47.0 |
| APM pico | 71 |
| eAPM promedio | 24.5 |
| Aldeanos / militares | 65 / 4 |
Foco
⚔️ 40.3% · 🌾 59.7%
Unknown (2626) ×24 · Fishing Ship ×7 · Mangonel ×2 · Spearman ×2
Feudal
14:14
Castillos
19:05
Imperial
—
| APM promedio | 43.3 |
| APM pico | 89 |
| eAPM promedio | 19.8 |
| Aldeanos / militares | 63 / 31 |
Foco
⚔️ 17.5% · 🌾 82.5%
Gbeto ×31 · Fishing Ship ×9
Feudal
14:11
Castillos
18:42
Imperial
—
| APM promedio | 34.9 |
| APM pico | 79 |
| eAPM promedio | 15.8 |
| Aldeanos / militares | 50 / 0 |
Foco
⚔️ 23.4% · 🌾 76.6%
Unknown (1952) ×32 · Fishing Ship ×16 · Unknown (1949) ×8
Mapa de la partida
Recursos iniciales + cada clic de construcción. Líneas = muros · curvas = relieve. ◆ oro · ⬟ piedra · ● bayas · ✦ reliquia · ◌ hueco del cierre
Tu base· ✓ Cerrada en 18:49 · 65t muro · sin puerta
Base de PNAL | Trafalgar· Abierta — flanco sin cerrar
Base de PNAL | Machete· Abierta — flanco sin cerrar
Base de ññññ· Abierta — hueco de 1t
Base de PNAL | INCOGNITO· Abierta — flanco sin cerrar
Base de TONY MONTANA· Abierta — flanco sin cerrar
Terreno inicial suavizado · ◌ = hueco del cierre detectado · pasá el cursor para detalles
Inputs por minuto
— Armazmar - - PNAL | Trafalgar
Build order — Armazmar
Primeras 150 de 192 acciones detectadas
| 0:04 | Construir | Town Center |
| 1:18 | Construir | Dock |
| 2:25 | Crear | Villager (Male) |
| 2:25 | Crear | Villager (Male) |
| 2:25 | Crear | Villager (Male) |
| 2:29 | Construir | House |
| 2:31 | Crear | Villager (Male) |
| 2:32 | Crear | Villager (Male) |
| 3:23 | Crear | Fishing Ship |
| 3:24 | Crear | Fishing Ship |
| 4:01 | Construir | House |
| 4:18 | Crear | Villager (Male) |
| 4:31 | Construir | House |
| 4:47 | Crear | Villager (Male) |
| 4:47 | Crear | Villager (Male) |
| 5:10 | Crear | Fishing Ship |
| 5:14 | Crear | Villager (Male) |
| 5:14 | Crear | Villager (Male) |
| 5:46 | Crear | Villager (Male) |
| 5:55 | Construir | House |
| 6:08 | Crear | Villager (Male) |
| 6:08 | Crear | Villager (Male) |
| 6:13 | Crear | Fishing Ship |
| 6:35 | Crear | Villager (Male) |
| 6:59 | Crear | Villager (Male) |
| 7:13 | Crear | Fishing Ship |
| 7:15 | Construir | House |
| 7:34 | Crear | Villager (Male) |
| 7:34 | Crear | Villager (Male) |
| 7:45 | Crear | Fishing Ship |
| 7:51 | Crear | Villager (Male) |
| 8:18 | Crear | Fishing Ship |
| 8:20 | Construir | House |
| 8:32 | Crear | Villager (Male) |
| 8:56 | Crear | Villager (Male) |
| 9:11 | Crear | Villager (Male) |
| 9:16 | Construir | Mining Camp |
| 9:20 | Crear | Fishing Ship |
| 9:29 | Crear | Villager (Male) |
| 10:16 | Construir | House |
| 10:21 | Investigar | Feudal Age |
| 10:41 | Crear | Fishing Ship |
| 11:15 | Construir | Dock |
| 11:18 | Crear | Fishing Ship |
| 11:33 | Crear | Fishing Ship |
| 12:18 | Crear | Fishing Ship |
| 12:18 | Crear | Fishing Ship |
| 12:18 | Crear | Fishing Ship |
| 12:18 | Crear | Fishing Ship |
| 12:19 | Crear | Fishing Ship |
| 12:19 | Crear | Fishing Ship |
| 12:37 | Construir | House |
| 12:38 | Construir | House |
| 12:39 | Edad | Edad Feudal |
| 12:47 | Crear | Villager (Male) |
| 12:47 | Crear | Villager (Male) |
| 12:59 | Construir | Lumber Camp |
| 13:19 | Investigar | Double-Bit Axe |
| 13:25 | Investigar | Tech 906 |
| 13:28 | Crear | Villager (Male) |
| 13:28 | Crear | Villager (Male) |
| 13:42 | Construir | House |
| 13:53 | Construir | Blacksmith |
| 13:56 | Construir | House |
| 14:03 | Crear | Villager (Male) |
| 14:04 | Crear | Villager (Male) |
| 14:12 | Construir | House |
| 14:19 | Construir | Mill |
| 14:40 | Construir | Palisade Wall |
| 15:05 | Construir | House |
| 15:05 | Construir | House |
| 15:13 | Crear | Fishing Ship |
| 15:20 | Construir | Market |
| 15:29 | Construir | Market |
| 15:33 | Construir | Palisade Wall |
| 15:40 | Investigar | Loom |
| 15:48 | Construir | Mining Camp |
| 15:55 | Construir | Palisade Wall |
| 16:09 | Investigar | Castle Age |
| 16:21 | Investigar | Stone Mining |
| 16:30 | Construir | Palisade Wall |
| 16:34 | Construir | Palisade Wall |
| 16:50 | Construir | Palisade Wall |
| 17:01 | Crear | Fishing Ship |
| 17:01 | Crear | Fishing Ship |
| 17:37 | Construir | Palisade Wall |
| 17:44 | Construir | Palisade Wall |
| 17:55 | Construir | Palisade Wall |
| 18:16 | Construir | Dock |
| 18:30 | Crear | Villager (Male) ×5 |
| 18:33 | Investigar | Fletching |
| 18:49 | Edad | Edad de los Castillos |
| 19:28 | Construir | Castle |
| 19:38 | Construir | Town Center |
| 19:40 | Crear | Villager (Male) |
| 19:41 | Investigar | Bow Saw |
| 19:46 | Crear | Villager (Male) |
| 19:46 | Crear | Villager (Male) |
| 19:54 | Construir | Siege Workshop |
| 20:03 | Construir | Siege Workshop |
| 20:16 | Crear | Villager (Male) |
| 20:16 | Investigar | Gold Mining |
| 20:45 | Crear | Villager (Male) |
| 21:22 | Construir | Dock |
| 21:30 | Investigar | Gillnets |
| 21:40 | Crear | Villager (Male) |
| 21:40 | Crear | Villager (Male) |
| 21:40 | Crear | Villager (Male) |
| 21:41 | Crear | Villager (Male) |
| 21:41 | Crear | Villager (Male) |
| 22:06 | Construir | Stone Wall |
| 22:34 | Investigar | Imperial Age |
| 22:46 | Crear | Villager (Male) |
| 23:03 | Construir | Town Center |
| 23:09 | Crear | Villager (Male) |
| 23:10 | Crear | Villager (Male) |
| 23:25 | Crear | Villager (Male) |
| 23:46 | Construir | University |
| 23:47 | Crear | Villager (Male) |
| 23:48 | Crear | Villager (Male) |
| 23:48 | Crear | Villager (Male) |
| 23:48 | Crear | Villager (Male) |
| 23:48 | Crear | Villager (Male) |
| 24:08 | Crear | Villager (Male) |
| 24:10 | Crear | Villager (Male) |
| 24:19 | Crear | Genoese Crossbowman |
| 24:19 | Crear | Genoese Crossbowman |
| 24:19 | Crear | Genoese Crossbowman |
| 24:31 | Construir | Gate |
| 24:37 | Construir | Stone Wall |
| 24:46 | Crear | Villager (Male) |
| 24:47 | Crear | Villager (Male) |
| 24:47 | Crear | Villager (Male) |
| 24:47 | Crear | Villager (Male) |
| 24:53 | Crear | Genoese Crossbowman |
| 24:54 | Investigar | Bodkin Arrow |
| 25:09 | Crear | Fishing Ship |
| 25:09 | Crear | Fishing Ship |
| 25:35 | Crear | Villager (Male) |
| 25:36 | Crear | Villager (Male) |
| 25:37 | Crear | Villager (Male) |
| 25:37 | Crear | Villager (Male) |
| 26:05 | Edad | Edad Imperial |
| 26:06 | Crear | Villager (Male) |
| 26:06 | Crear | Villager (Male) |
| 26:07 | Crear | Villager (Male) |
| 26:14 | Crear | Trebuchet (Packed) |
| 26:15 | Crear | Trebuchet (Packed) |
| 26:22 | Construir | Dock |
| 26:29 | Crear | Fishing Ship |
Build order — PNAL | Trafalgar
143 acciones detectadas en el replay
| 0:33 | Construir | Town Center |
| 2:02 | Construir | Dock |
| 3:04 | Crear | Villager (Male) |
| 3:04 | Crear | Villager (Male) |
| 3:04 | Crear | Villager (Male) |
| 3:05 | Crear | Villager (Male) |
| 3:42 | Crear | Fishing Ship |
| 3:42 | Crear | Fishing Ship |
| 4:31 | Construir | House |
| 4:38 | Crear | Villager (Male) |
| 4:39 | Crear | Villager (Male) |
| 5:08 | Crear | Villager (Male) |
| 5:08 | Crear | Villager (Male) |
| 5:23 | Crear | Villager (Male) |
| 5:24 | Crear | Villager (Male) |
| 5:40 | Crear | Villager (Male) |
| 5:40 | Crear | Villager (Male) |
| 5:42 | Crear | Fishing Ship |
| 5:42 | Crear | Fishing Ship |
| 6:22 | Crear | Villager (Male) |
| 6:22 | Crear | Villager (Male) |
| 6:26 | Crear | Fishing Ship |
| 6:26 | Crear | Fishing Ship |
| 6:34 | Construir | House |
| 6:42 | Crear | Villager (Male) |
| 6:42 | Crear | Villager (Male) |
| 6:48 | Investigar | Loom |
| 6:48 | Crear | Villager (Male) |
| 7:01 | Crear | Villager (Male) |
| 7:01 | Crear | Villager (Male) |
| 7:12 | Crear | Fishing Ship |
| 7:13 | Crear | Fishing Ship |
| 7:32 | Crear | Villager (Male) |
| 7:41 | Crear | Villager (Male) |
| 7:41 | Crear | Villager (Male) |
| 7:56 | Construir | House |
| 8:01 | Construir | House |
| 8:13 | Crear | Fishing Ship |
| 8:18 | Construir | House |
| 8:38 | Crear | Villager (Male) |
| 8:47 | Crear | Fishing Ship |
| 9:05 | Crear | Villager (Male) |
| 9:18 | Crear | Villager (Male) |
| 9:23 | Crear | Fishing Ship |
| 9:46 | Crear | Villager (Male) |
| 9:55 | Construir | Lumber Camp |
| 10:24 | Crear | Villager (Male) |
| 10:33 | Crear | Fishing Ship |
| 10:55 | Construir | Dock |
| 10:56 | Crear | Villager (Male) |
| 11:13 | Crear | Villager (Male) |
| 11:25 | Investigar | Feudal Age |
| 11:38 | Construir | House |
| 12:07 | Construir | Mill |
| 12:27 | Construir | Mining Camp |
| 12:32 | Crear | Villager (Male) |
| 12:32 | Crear | Villager (Male) |
| 13:36 | Edad | Edad Feudal |
| 13:40 | Construir | House |
| 14:08 | Construir | Market |
| 14:11 | Construir | Blacksmith |
| 14:19 | Crear | Unit 2626 |
| 14:21 | Crear | Unit 2626 |
| 14:24 | Crear | Fire Galley |
| 14:25 | Crear | Villager (Male) |
| 14:26 | Investigar | Town Watch |
| 14:38 | Construir | Outpost |
| 14:42 | Investigar | Double-Bit Axe |
| 14:47 | Crear | Villager (Male) |
| 15:13 | Construir | Outpost |
| 15:35 | Investigar | Castle Age |
| 15:35 | Investigar | Castle Age |
| 15:48 | Crear | Unit 2626 |
| 15:48 | Crear | Unit 2626 |
| 16:04 | Crear | Villager (Male) |
| 16:06 | Crear | Unit 2626 |
| 16:07 | Crear | Unit 2626 |
| 16:44 | Crear | Villager (Male) |
| 16:46 | Crear | Unit 2626 |
| 16:46 | Crear | Unit 2626 |
| 17:06 | Crear | Villager (Male) |
| 17:18 | Construir | Outpost |
| 17:27 | Crear | Unit 2626 |
| 18:15 | Edad | Edad de los Castillos |
| 18:41 | Construir | Castle |
| 18:48 | Construir | Castle |
| 18:52 | Investigar | Fletching |
| 18:52 | Investigar | Fletching |
| 19:19 | Crear | Villager (Male) |
| 20:01 | Construir | Siege Workshop |
| 20:10 | Crear | Villager (Male) |
| 20:30 | Construir | Mill |
| 20:35 | Crear | Villager (Male) |
| 20:56 | Crear | Mangonel |
| 21:06 | Construir | Lumber Camp |
| 21:08 | Construir | House |
| 21:11 | Construir | Palisade Wall |
| 21:19 | Crear | Urumi Swordsman |
| 21:47 | Construir | House |
| 21:51 | Crear | Villager (Male) |
| 21:51 | Crear | Villager (Male) |
| 22:08 | Crear | Villager (Male) |
| 22:31 | Construir | Monastery |
| 22:41 | Crear | Villager (Male) |
| 22:57 | Crear | Mangonel |
| 23:07 | Crear | Villager (Male) |
| 23:07 | Crear | Villager (Male) |
| 23:07 | Crear | Villager (Male) |
| 23:29 | Crear | Villager (Male) |
| 23:29 | Crear | Villager (Male) |
| 23:29 | Crear | Villager (Male) |
| 23:49 | Crear | Villager (Male) |
| 23:57 | Crear | Villager (Male) |
| 23:58 | Crear | Villager (Male) |
| 24:12 | Crear | Villager (Male) |
| 24:56 | Construir | Town Center |
| 25:03 | Crear | Villager (Male) |
| 25:13 | Crear | Armored Elephant |
| 25:15 | Crear | Villager (Male) |
| 25:21 | Construir | Outpost |
| 26:17 | Crear | Villager (Male) |
| 26:17 | Crear | Villager (Male) |
| 26:18 | Crear | Villager (Male) |
| 26:32 | Crear | Villager (Male) |
| 26:33 | Crear | Villager (Male) |
| 26:33 | Crear | Villager (Male) |
| 26:45 | Crear | Villager (Male) |
| 26:45 | Crear | Villager (Male) |
| 27:01 | Crear | Villager (Male) |
| 27:02 | Crear | Villager (Male) |
| 27:02 | Crear | Villager (Male) |
| 27:20 | Construir | Barracks |
| 27:20 | Crear | Villager (Male) |
| 27:35 | Construir | Town Center |
| 27:50 | Crear | Mangonel |
| 28:02 | Crear | Villager (Male) |
| 28:11 | Construir | Farm |
| 28:13 | Construir | Farm |
| 28:14 | Construir | Farm |
| 28:16 | Construir | Farm |
| 28:20 | Construir | Farm |
| 28:21 | Crear | Villager (Male) |
| 28:32 | Crear | Villager (Male) |
Build order — PNAL | Machete
116 acciones detectadas en el replay
| 0:08 | Construir | Town Center |
| 1:16 | Construir | Dock |
| 1:21 | Construir | House |
| 2:28 | Crear | Villager (Male) |
| 2:28 | Crear | Villager (Male) |
| 2:29 | Crear | Villager (Male) |
| 2:55 | Crear | Villager (Male) |
| 4:07 | Crear | Villager (Male) |
| 4:34 | Crear | Fishing Ship |
| 4:34 | Crear | Fishing Ship |
| 4:46 | Crear | Villager (Male) |
| 5:08 | Crear | Villager (Male) |
| 5:26 | Crear | Fishing Ship |
| 5:26 | Crear | Fishing Ship |
| 5:37 | Crear | Villager (Male) |
| 5:53 | Crear | Villager (Male) |
| 6:05 | Crear | Fishing Ship |
| 6:05 | Crear | Fishing Ship |
| 6:17 | Construir | House |
| 6:23 | Crear | Villager (Male) |
| 7:00 | Crear | Villager (Male) |
| 7:01 | Crear | Villager (Male) |
| 7:01 | Crear | Villager (Male) |
| 7:23 | Crear | Villager (Male) |
| 7:28 | Crear | Villager (Male) |
| 7:43 | Construir | House |
| 7:48 | Crear | Villager (Male) |
| 8:16 | Construir | House |
| 8:17 | Crear | Villager (Male) |
| 8:56 | Construir | Mill |
| 9:32 | Construir | Mining Camp |
| 9:36 | Crear | Villager (Male) |
| 9:51 | Crear | Villager (Male) |
| 10:01 | Construir | Dock |
| 10:07 | Crear | Villager (Male) |
| 10:08 | Crear | Villager (Male) |
| 10:43 | Crear | Villager (Male) |
| 11:04 | Crear | Fishing Ship |
| 11:40 | Investigar | Feudal Age |
| 12:02 | Crear | Fishing Ship |
| 12:26 | Crear | Fishing Ship |
| 12:38 | Crear | Villager (Male) |
| 13:07 | Crear | Fishing Ship |
| 13:07 | Crear | Fishing Ship |
| 13:53 | Edad | Edad Feudal |
| 13:55 | Construir | Market |
| 14:01 | Construir | Blacksmith |
| 14:02 | Crear | Villager (Male) |
| 14:18 | Construir | House |
| 15:05 | Investigar | Castle Age |
| 15:05 | Investigar | Castle Age |
| 16:00 | Construir | Barracks |
| 16:25 | Construir | Lumber Camp |
| 16:53 | Crear | Villager (Male) |
| 17:00 | Construir | Barracks |
| 17:03 | Investigar | Double-Bit Axe |
| 17:03 | Investigar | Double-Bit Axe |
| 17:30 | Construir | House |
| 17:45 | Edad | Edad de los Castillos |
| 17:59 | Construir | Siege Workshop |
| 18:04 | Crear | Fire Lancer |
| 18:06 | Crear | Fire Lancer |
| 18:11 | Construir | House |
| 18:12 | Crear | Villager (Male) |
| 18:14 | Crear | Villager (Male) |
| 18:48 | Crear | Battering Ram |
| 18:49 | Crear | Battering Ram |
| 18:49 | Crear | Battering Ram |
| 18:53 | Construir | House |
| 19:00 | Crear | Fire Lancer ×2 |
| 19:00 | Crear | Fire Lancer ×2 |
| 19:00 | Crear | Fire Lancer ×2 |
| 19:22 | Crear | Villager (Male) |
| 19:41 | Crear | Unit 2626 |
| 19:41 | Crear | Unit 2626 |
| 19:47 | Crear | Villager (Male) |
| 19:57 | Crear | Fire Lancer ×3 |
| 19:58 | Crear | Fire Lancer ×3 |
| 20:26 | Crear | Battering Ram |
| 20:26 | Crear | Battering Ram |
| 20:51 | Crear | Villager (Male) |
| 20:52 | Crear | Villager (Male) |
| 20:56 | Construir | House |
| 21:06 | Investigar | Scale Mail Armor |
| 21:11 | Investigar | Bow Saw |
| 21:12 | Crear | Villager (Male) |
| 21:16 | Construir | House |
| 21:22 | Crear | Battering Ram |
| 21:22 | Crear | Battering Ram |
| 21:59 | Crear | Villager (Male) |
| 22:23 | Crear | Scorpion |
| 22:24 | Crear | Scorpion |
| 22:31 | Crear | Villager (Male) |
| 22:42 | Crear | Fire Lancer |
| 22:43 | Crear | Fire Lancer |
| 22:43 | Crear | Fire Lancer |
| 22:44 | Crear | Villager (Male) |
| 22:55 | Construir | Town Center |
| 23:20 | Crear | Fire Lancer ×5 |
| 23:20 | Crear | Fire Lancer ×5 |
| 23:21 | Crear | Villager (Male) |
| 24:45 | Investigar | Loom |
| 24:59 | Crear | Fire Lancer ×5 |
| 24:59 | Crear | Fire Lancer ×5 |
| 26:41 | Construir | Siege Workshop |
| 27:03 | Construir | Farm |
| 27:03 | Construir | Farm |
| 27:03 | Construir | Farm |
| 27:03 | Construir | Farm |
| 27:04 | Construir | Farm |
| 27:04 | Construir | Farm |
| 27:04 | Construir | Farm |
| 27:53 | Crear | Scorpion |
| 27:53 | Crear | Scorpion |
| 27:53 | Crear | Scorpion |
| 28:05 | Construir | Town Center |
Build order — ññññ
Primeras 150 de 161 acciones detectadas
| 0:06 | Construir | Town Center |
| 0:35 | Construir | Dock |
| 0:36 | Construir | House |
| 2:31 | Crear | Villager (Male) |
| 2:31 | Crear | Villager (Male) |
| 2:31 | Crear | Villager (Male) |
| 2:32 | Crear | Villager (Male) |
| 2:32 | Crear | Villager (Male) |
| 2:32 | Crear | Villager (Male) |
| 2:55 | Investigar | Loom |
| 3:10 | Crear | Villager (Male) |
| 3:11 | Crear | Villager (Male) |
| 3:42 | Crear | Villager (Male) |
| 3:50 | Crear | Fishing Ship |
| 4:27 | Crear | Villager (Male) |
| 4:51 | Crear | Villager (Male) |
| 5:00 | Construir | House |
| 5:25 | Crear | Villager (Male) |
| 5:26 | Crear | Villager (Male) |
| 5:48 | Construir | House |
| 5:49 | Crear | Villager (Male) |
| 5:56 | Construir | House |
| 6:18 | Crear | Villager (Male) |
| 6:18 | Crear | Villager (Male) |
| 6:30 | Crear | Villager (Male) |
| 6:32 | Crear | Fishing Ship |
| 6:32 | Crear | Fishing Ship |
| 6:55 | Crear | Fishing Ship |
| 7:00 | Crear | Villager (Male) |
| 7:34 | Crear | Fishing Ship |
| 7:35 | Crear | Villager (Male) |
| 7:40 | Construir | House |
| 7:51 | Crear | Villager (Male) |
| 7:55 | Crear | Villager (Male) |
| 8:15 | Crear | Villager (Male) |
| 8:15 | Crear | Villager (Male) |
| 8:28 | Construir | Lumber Camp |
| 8:31 | Crear | Villager (Male) |
| 9:08 | Crear | Fishing Ship |
| 9:44 | Investigar | Feudal Age |
| 10:17 | Construir | Mining Camp |
| 10:22 | Crear | Villager (Male) |
| 10:42 | Construir | Dock |
| 11:10 | Construir | House |
| 11:54 | Edad | Edad Feudal |
| 11:56 | Crear | Unit 2626 |
| 11:57 | Crear | Unit 2626 |
| 11:57 | Crear | Unit 2626 |
| 11:58 | Investigar | Double-Bit Axe |
| 12:00 | Crear | Villager (Male) |
| 12:08 | Construir | House |
| 12:21 | Construir | House |
| 12:29 | Crear | Villager (Male) |
| 12:34 | Crear | Unit 2626 |
| 12:34 | Crear | Unit 2626 |
| 12:45 | Construir | Outpost |
| 12:52 | Crear | Villager (Male) |
| 12:53 | Crear | Villager (Male) |
| 13:22 | Crear | Villager (Male) |
| 13:30 | Crear | Villager (Male) |
| 13:33 | Crear | Unit 2626 |
| 13:33 | Crear | Unit 2626 |
| 13:34 | Crear | Unit 2626 |
| 13:39 | Construir | House |
| 13:54 | Crear | Unit 2626 |
| 13:55 | Crear | Unit 2626 |
| 13:59 | Crear | Villager (Male) |
| 14:05 | Construir | Dock |
| 14:08 | Crear | Unit 2626 |
| 14:08 | Crear | Unit 2626 |
| 14:08 | Crear | Unit 2626 |
| 14:20 | Crear | Villager (Male) |
| 14:23 | Construir | House |
| 14:50 | Crear | Villager (Male) |
| 14:54 | Crear | Unit 2626 |
| 14:55 | Crear | Unit 2626 |
| 15:03 | Construir | House |
| 15:16 | Crear | Villager (Male) |
| 15:20 | Crear | Unit 2626 |
| 15:20 | Crear | Unit 2626 |
| 15:20 | Crear | Unit 2626 |
| 15:34 | Construir | House |
| 15:36 | Construir | Mill |
| 15:37 | Crear | Villager (Male) |
| 16:05 | Crear | Unit 2626 |
| 16:05 | Crear | Unit 2626 |
| 16:10 | Construir | Blacksmith |
| 16:12 | Crear | Villager (Male) |
| 16:32 | Crear | Unit 2626 |
| 16:33 | Crear | Unit 2626 |
| 16:43 | Crear | Unit 2626 |
| 16:43 | Crear | Unit 2626 |
| 16:45 | Crear | Villager (Male) |
| 17:03 | Crear | Villager (Male) |
| 17:26 | Construir | House |
| 17:28 | Construir | Palisade Wall |
| 17:30 | Crear | Villager (Male) |
| 17:31 | Construir | Market |
| 17:34 | Construir | House |
| 17:34 | Construir | House |
| 17:36 | Construir | Palisade Wall |
| 18:15 | Crear | Villager (Male) |
| 18:44 | Construir | House |
| 18:45 | Construir | Palisade Wall |
| 18:47 | Crear | Villager (Male) |
| 18:52 | Construir | Lumber Camp |
| 18:59 | Construir | Watch Tower |
| 19:33 | Crear | Villager (Male) |
| 19:48 | Construir | House |
| 19:58 | Construir | Palisade Wall |
| 20:03 | Construir | Palisade Wall |
| 20:07 | Construir | Mill |
| 20:08 | Crear | Villager (Male) |
| 20:11 | Construir | Mill |
| 20:20 | Construir | Palisade Wall |
| 20:28 | Construir | Lumber Camp |
| 20:29 | Crear | Villager (Male) |
| 20:31 | Construir | Mining Camp |
| 20:53 | Crear | Villager (Male) |
| 21:06 | Crear | Villager (Male) |
| 21:09 | Construir | House |
| 21:41 | Investigar | Castle Age |
| 21:41 | Investigar | Castle Age |
| 21:45 | Construir | Palisade Wall |
| 21:59 | Construir | Watch Tower |
| 22:27 | Investigar | Fletching |
| 23:03 | Construir | Watch Tower |
| 23:17 | Crear | Villager (Male) |
| 23:57 | Crear | Villager (Male) |
| 24:29 | Edad | Edad de los Castillos |
| 24:34 | Construir | Market |
| 24:41 | Construir | Siege Workshop |
| 24:44 | Investigar | Bow Saw |
| 24:45 | Crear | Villager (Male) |
| 25:19 | Crear | Villager (Male) |
| 25:46 | Crear | Villager (Male) |
| 25:51 | Construir | Market |
| 26:12 | Crear | Villager (Male) |
| 26:17 | Construir | Barracks |
| 26:18 | Crear | Villager (Male) |
| 26:26 | Crear | Villager (Male) |
| 26:49 | Crear | Villager (Male) |
| 26:54 | Crear | Mangonel |
| 26:56 | Crear | Villager (Male) |
| 27:16 | Crear | Villager (Male) |
| 27:21 | Crear | Spearman |
| 27:22 | Crear | Spearman |
| 27:28 | Construir | Outpost |
| 27:50 | Crear | Villager (Male) |
| 28:01 | Crear | Mangonel |
Build order — PNAL | INCOGNITO
Primeras 150 de 167 acciones detectadas
| 0:14 | Construir | Town Center |
| 1:58 | Construir | Dock |
| 2:00 | Construir | House |
| 2:35 | Crear | Villager (Male) |
| 2:35 | Crear | Villager (Male) |
| 2:35 | Crear | Villager (Male) |
| 2:49 | Crear | Villager (Male) |
| 2:49 | Crear | Villager (Male) |
| 3:41 | Crear | Fishing Ship |
| 3:42 | Crear | Fishing Ship |
| 4:26 | Crear | Fishing Ship |
| 4:26 | Crear | Fishing Ship |
| 4:59 | Investigar | Loom |
| 5:00 | Investigar | Loom |
| 5:04 | Crear | Villager (Male) |
| 5:04 | Crear | Villager (Male) |
| 5:42 | Crear | Villager (Male) |
| 5:42 | Crear | Villager (Male) |
| 5:46 | Crear | Fishing Ship |
| 6:13 | Construir | House |
| 6:18 | Crear | Villager (Male) |
| 6:24 | Crear | Villager (Male) |
| 6:24 | Crear | Villager (Male) |
| 6:31 | Crear | Villager (Male) |
| 6:31 | Crear | Villager (Male) |
| 6:58 | Crear | Villager (Male) |
| 6:58 | Crear | Villager (Male) |
| 7:04 | Crear | Villager (Male) |
| 7:06 | Crear | Villager (Male) |
| 7:18 | Construir | Mill |
| 7:37 | Construir | House |
| 8:06 | Crear | Villager (Male) |
| 8:06 | Crear | Villager (Male) |
| 8:26 | Crear | Villager (Male) |
| 9:12 | Crear | Villager (Male) |
| 9:27 | Crear | Villager (Male) |
| 9:43 | Crear | Fishing Ship |
| 9:48 | Crear | Fishing Ship |
| 10:03 | Construir | Mining Camp |
| 10:10 | Crear | Villager (Male) |
| 10:12 | Crear | Villager (Male) |
| 10:26 | Crear | Villager (Male) |
| 10:35 | Construir | Mill |
| 10:44 | Construir | House |
| 10:49 | Crear | Villager (Male) |
| 11:06 | Construir | Palisade Wall |
| 11:12 | Crear | Villager (Male) |
| 11:29 | Construir | Palisade Wall |
| 11:34 | Construir | House |
| 11:48 | Crear | Villager (Male) |
| 11:56 | Investigar | Feudal Age |
| 12:00 | Construir | Palisade Wall |
| 12:03 | Construir | Palisade Wall |
| 12:11 | Construir | House |
| 12:30 | Crear | Fishing Ship |
| 13:11 | Construir | Palisade Wall |
| 13:17 | Construir | House |
| 13:34 | Construir | House |
| 13:44 | Construir | Palisade Wall |
| 13:49 | Construir | Palisade Wall |
| 14:01 | Crear | Fishing Ship |
| 14:09 | Crear | Villager (Male) |
| 14:14 | Edad | Edad Feudal |
| 14:19 | Construir | Market |
| 14:21 | Crear | Villager (Male) |
| 14:30 | Crear | Villager (Male) |
| 14:36 | Construir | Blacksmith |
| 15:01 | Crear | Villager (Male) |
| 15:13 | Construir | Mining Camp |
| 15:18 | Construir | House |
| 15:23 | Crear | Villager (Male) |
| 15:57 | Construir | House |
| 16:00 | Crear | Villager (Male) |
| 16:08 | Investigar | Castle Age |
| 16:54 | Construir | House |
| 16:55 | Construir | House |
| 17:07 | Construir | Lumber Camp |
| 17:44 | Investigar | Double-Bit Axe |
| 17:44 | Investigar | Double-Bit Axe |
| 17:52 | Construir | Palisade Wall |
| 18:10 | Construir | Farm |
| 18:16 | Construir | Farm |
| 18:51 | Crear | Villager (Male) |
| 19:05 | Edad | Edad de los Castillos |
| 19:18 | Construir | Castle |
| 19:22 | Crear | Villager (Male) |
| 19:22 | Crear | Villager (Male) |
| 19:32 | Construir | Mining Camp |
| 19:36 | Crear | Villager (Male) |
| 19:44 | Construir | Farm |
| 19:53 | Crear | Villager (Male) |
| 20:06 | Construir | Farm |
| 20:30 | Crear | Gbeto |
| 20:30 | Crear | Gbeto |
| 20:31 | Crear | Gbeto |
| 20:50 | Construir | Farm |
| 21:16 | Crear | Gbeto |
| 21:16 | Crear | Gbeto |
| 21:44 | Construir | Farm |
| 21:45 | Construir | Farm |
| 21:47 | Crear | Villager (Male) |
| 21:47 | Crear | Villager (Male) |
| 22:06 | Construir | Farm |
| 22:07 | Construir | Farm |
| 22:26 | Crear | Gbeto |
| 22:26 | Crear | Gbeto |
| 22:39 | Construir | Farm |
| 22:40 | Construir | Farm |
| 22:53 | Crear | Gbeto |
| 22:53 | Crear | Gbeto |
| 23:05 | Crear | Gbeto |
| 23:05 | Crear | Gbeto |
| 23:18 | Crear | Villager (Male) |
| 23:18 | Crear | Villager (Male) |
| 23:18 | Crear | Villager (Male) |
| 23:35 | Crear | Villager (Male) |
| 23:35 | Crear | Villager (Male) |
| 23:35 | Crear | Villager (Male) |
| 23:41 | Crear | Gbeto |
| 23:41 | Crear | Gbeto |
| 23:54 | Crear | Gbeto |
| 23:54 | Crear | Gbeto |
| 24:02 | Construir | Mill |
| 24:16 | Construir | Town Center |
| 24:38 | Investigar | Forging |
| 24:38 | Investigar | Forging |
| 24:44 | Crear | Gbeto |
| 24:44 | Crear | Gbeto |
| 24:44 | Crear | Gbeto |
| 24:53 | Crear | Villager (Male) |
| 25:02 | Construir | Farm |
| 25:02 | Construir | Farm |
| 25:22 | Crear | Villager (Male) |
| 25:44 | Crear | Gbeto |
| 25:44 | Crear | Gbeto |
| 26:07 | Crear | Gbeto |
| 26:07 | Crear | Gbeto |
| 26:20 | Crear | Gbeto |
| 26:21 | Crear | Gbeto |
| 26:41 | Crear | Gbeto |
| 26:41 | Crear | Gbeto |
| 26:41 | Crear | Gbeto |
| 26:43 | Crear | Villager (Male) |
| 26:44 | Crear | Villager (Male) |
| 26:44 | Crear | Villager (Male) |
| 27:20 | Construir | Town Center |
| 27:23 | Crear | Gbeto |
| 27:24 | Crear | Gbeto |
| 27:36 | Crear | Villager (Male) |
| 27:36 | Crear | Villager (Male) |
Build order — TONY MONTANA
Primeras 150 de 200 acciones detectadas
| 0:37 | Construir | Town Center |
| 1:57 | Construir | House |
| 1:58 | Construir | House |
| 2:38 | Crear | Villager (Male) |
| 2:38 | Crear | Villager (Male) |
| 2:38 | Crear | Villager (Male) |
| 2:38 | Crear | Villager (Male) |
| 2:38 | Crear | Villager (Male) |
| 3:42 | Construir | Dock |
| 4:02 | Investigar | Loom |
| 4:33 | Crear | Fishing Ship |
| 4:33 | Crear | Fishing Ship |
| 4:56 | Crear | Villager (Male) |
| 4:56 | Crear | Villager (Male) |
| 5:25 | Crear | Villager (Male) |
| 5:25 | Crear | Villager (Male) |
| 5:45 | Crear | Villager (Male) |
| 5:45 | Crear | Villager (Male) |
| 5:54 | Crear | Fishing Ship |
| 6:09 | Crear | Villager (Male) |
| 6:10 | Crear | Villager (Male) |
| 6:39 | Crear | Villager (Male) |
| 6:39 | Crear | Villager (Male) |
| 6:39 | Crear | Villager (Male) |
| 6:45 | Crear | Fishing Ship |
| 6:45 | Crear | Fishing Ship |
| 7:03 | Construir | House |
| 7:42 | Crear | Villager (Male) |
| 7:46 | Construir | House |
| 7:59 | Crear | Villager (Male) |
| 7:59 | Crear | Villager (Male) |
| 8:00 | Crear | Villager (Male) |
| 8:17 | Crear | Fishing Ship |
| 8:17 | Crear | Fishing Ship |
| 8:36 | Crear | Fishing Ship |
| 8:36 | Crear | Fishing Ship |
| 8:54 | Crear | Villager (Male) |
| 9:03 | Crear | Fishing Ship |
| 9:03 | Crear | Fishing Ship |
| 9:14 | Construir | House |
| 9:15 | Construir | House |
| 9:24 | Crear | Villager (Male) |
| 9:24 | Crear | Villager (Male) |
| 10:01 | Crear | Villager (Male) |
| 10:07 | Construir | Mining Camp |
| 10:28 | Crear | Fishing Ship |
| 10:28 | Crear | Fishing Ship |
| 10:28 | Crear | Fishing Ship |
| 10:43 | Crear | Villager (Male) |
| 11:07 | Crear | Villager (Male) |
| 11:15 | Construir | Mining Camp |
| 11:27 | Crear | Villager (Male) |
| 11:29 | Crear | Fishing Ship |
| 11:29 | Crear | Fishing Ship |
| 11:50 | Investigar | Feudal Age |
| 12:22 | Construir | House |
| 12:26 | Construir | Palisade Wall |
| 12:29 | Construir | Palisade Gate |
| 13:46 | Construir | Palisade Wall |
| 13:58 | Crear | Villager (Male) |
| 13:58 | Crear | Villager (Male) |
| 14:11 | Edad | Edad Feudal |
| 14:18 | Construir | Mill |
| 14:24 | Construir | Blacksmith |
| 14:58 | Crear | Villager (Male) |
| 15:04 | Construir | Market |
| 15:09 | Construir | House |
| 15:20 | Investigar | Tech 906 |
| 15:26 | Crear | Villager (Male) |
| 16:02 | Investigar | Castle Age |
| 16:08 | Construir | House |
| 16:08 | Construir | House |
| 16:22 | Construir | Lumber Camp |
| 16:37 | Construir | Palisade Gate |
| 16:42 | Construir | Palisade Wall |
| 16:58 | Investigar | Double-Bit Axe |
| 17:11 | Construir | Palisade Wall |
| 17:21 | Investigar | Gold Mining |
| 17:24 | Investigar | Horse Collar |
| 17:42 | Construir | Palisade Wall |
| 17:57 | Construir | Barracks |
| 18:05 | Construir | Barracks |
| 18:10 | Crear | Villager (Male) |
| 18:10 | Crear | Villager (Male) |
| 18:13 | Investigar | Fletching |
| 18:14 | Investigar | Padded Archer Armor |
| 18:42 | Edad | Edad de los Castillos |
| 18:44 | Investigar | Padded Archer Armor |
| 18:48 | Investigar | Bodkin Arrow |
| 19:10 | Construir | Archery Range |
| 19:16 | Construir | Archery Range |
| 19:25 | Crear | Villager (Male) |
| 19:36 | Construir | Farm |
| 19:37 | Construir | Farm |
| 19:37 | Construir | Farm |
| 19:37 | Construir | Farm |
| 19:37 | Construir | Farm |
| 19:37 | Construir | Farm |
| 19:38 | Construir | Farm |
| 19:38 | Construir | Farm |
| 19:38 | Construir | Farm |
| 19:38 | Construir | Farm |
| 19:38 | Construir | Farm |
| 19:48 | Crear | Villager (Male) |
| 20:05 | Construir | Palisade Wall |
| 20:09 | Crear | Villager (Male) |
| 20:20 | Construir | Castle |
| 20:25 | Crear | Villager (Male) |
| 20:29 | Crear | Unit 1952 |
| 20:29 | Crear | Unit 1952 |
| 20:30 | Crear | Unit 1952 |
| 20:30 | Crear | Unit 1952 |
| 20:30 | Crear | Unit 1952 |
| 20:53 | Crear | Unit 1952 |
| 20:57 | Crear | Villager (Male) |
| 21:04 | Investigar | Padded Archer Armor |
| 21:20 | Construir | Stable |
| 21:28 | Crear | Villager (Male) |
| 21:32 | Investigar | Wheelbarrow |
| 21:35 | Crear | Unit 1952 |
| 21:35 | Crear | Unit 1952 |
| 21:35 | Crear | Unit 1952 |
| 21:50 | Construir | Farm |
| 21:50 | Construir | Farm |
| 21:50 | Construir | Farm |
| 21:51 | Construir | Farm |
| 21:51 | Construir | Farm |
| 21:51 | Construir | Farm |
| 21:58 | Construir | House |
| 22:03 | Investigar | Town Watch |
| 22:25 | Crear | Unit 1952 |
| 22:25 | Crear | Unit 1952 |
| 22:34 | Investigar | Bloodlines |
| 22:42 | Crear | Unit 1952 |
| 22:43 | Crear | Unit 1952 |
| 22:43 | Crear | Unit 1952 |
| 23:05 | Crear | Villager (Male) |
| 23:05 | Crear | Villager (Male) |
| 24:04 | Crear | Unit 1952 |
| 24:04 | Crear | Unit 1952 |
| 24:05 | Crear | Unit 1952 |
| 24:17 | Construir | Mining Camp |
| 24:30 | Crear | Unit 1949 |
| 24:30 | Crear | Unit 1949 |
| 24:30 | Crear | Unit 1949 |
| 24:36 | Construir | Gate |
| 24:43 | Construir | Gate |
| 25:36 | Crear | Unit 1949 |
| 25:36 | Crear | Unit 1949 |
| 25:39 | Crear | Unit 1952 |
Cronología de la partida
| 0:35 | ññññ · first_building Dock |
| 1:16 | PNAL | Machete · first_building Dock |
| 1:18 | Armazmar · first_building Dock |
| 1:58 | PNAL | INCOGNITO · first_building Dock |
| 2:02 | PNAL | Trafalgar · first_building Dock |
| 3:42 | TONY MONTANA · first_building Dock |
| 11:06 | PNAL | INCOGNITO · wall_segment Palisade Wall x1 |
| 11:29 | PNAL | INCOGNITO · wall_segment Palisade Wall x7 |
| 11:54 | ññññ · age_up feudal |
| 12:00 | PNAL | INCOGNITO · wall_segment Palisade Wall x1 |
| 12:03 | PNAL | INCOGNITO · wall_segment Palisade Wall x1 |
| 12:26 | TONY MONTANA · wall_segment Palisade Wall x3 |
| 12:39 | Armazmar · age_up feudal |
| 13:11 | PNAL | INCOGNITO · wall_segment Palisade Wall x8 |
| 13:36 | PNAL | Trafalgar · age_up feudal |
| 13:44 | PNAL | INCOGNITO · wall_segment Palisade Wall x1 |
| 13:46 | TONY MONTANA · wall_segment Palisade Wall x17 |
| 13:49 | PNAL | INCOGNITO · wall_segment Palisade Wall x1 |
| 13:53 | PNAL | Machete · age_up feudal |
| 14:11 | TONY MONTANA · age_up feudal |
| 14:14 | PNAL | INCOGNITO · age_up feudal |
| 14:38 | PNAL | Machete · first_market_buy 100 food |
| 14:38 | PNAL | Machete · first_market_sell 100 wood |
| 14:40 | Armazmar · wall_segment Palisade Wall x6 |
| 15:22 | PNAL | Trafalgar · first_market_sell 100 wood |
| 15:32 | PNAL | INCOGNITO · first_market_sell 100 stone |
| 15:33 | Armazmar · wall_segment Palisade Wall x8 |
| 15:40 | PNAL | INCOGNITO · first_market_buy 100 food |
| 15:55 | Armazmar · wall_segment Palisade Wall x10 |
| 16:00 | PNAL | Machete · first_building Barracks |
| 16:00 | TONY MONTANA · first_market_sell 100 stone |
| 16:30 | Armazmar · wall_segment Palisade Wall x4 |
| 16:34 | Armazmar · wall_segment Palisade Wall x6 |
| 16:42 | TONY MONTANA · wall_segment Palisade Wall x1 |
| 16:50 | Armazmar · wall_segment Palisade Wall x16 |
| 17:11 | TONY MONTANA · wall_segment Palisade Wall x5 |
| 17:28 | ññññ · wall_segment Palisade Wall x1 |
| 17:36 | ññññ · wall_segment Palisade Wall x9 |
| 17:37 | Armazmar · wall_segment Palisade Wall x7 |
| 17:42 | TONY MONTANA · wall_segment Palisade Wall x4 |
| 17:44 | Armazmar · wall_segment Palisade Wall x8 |
| 17:45 | PNAL | Machete · age_up castle |
| 17:52 | PNAL | INCOGNITO · wall_segment Palisade Wall x3 |
| 17:55 | Armazmar · wall_segment Palisade Wall x1 |
| 17:57 | TONY MONTANA · first_building Barracks |
| 17:59 | PNAL | Machete · first_building Siege Workshop |
| 18:10 | PNAL | Trafalgar · first_market_buy 100 stone |
| 18:15 | PNAL | Trafalgar · age_up castle |
| 18:41 | PNAL | Trafalgar · first_building Castle |
| 18:42 | TONY MONTANA · age_up castle |
| 18:45 | ññññ · wall_segment Palisade Wall x1 |
| 18:49 | Armazmar · age_up castle |
| 19:05 | PNAL | INCOGNITO · age_up castle |
| 19:10 | TONY MONTANA · first_building Archery Range |
| 19:18 | PNAL | INCOGNITO · first_building Castle |
| 19:28 | Armazmar · first_building Castle |
| 19:54 | Armazmar · first_building Siege Workshop |
| 19:58 | ññññ · wall_segment Palisade Wall x6 |
| 20:01 | PNAL | Trafalgar · first_building Siege Workshop |
| 20:03 | ññññ · wall_segment Palisade Wall x2 |
| 20:05 | TONY MONTANA · wall_segment Palisade Wall x12 |
| 20:20 | TONY MONTANA · first_building Castle |
| 20:20 | ññññ · wall_segment Palisade Wall x3 |
| 21:11 | PNAL | Trafalgar · wall_segment Palisade Wall x1 |
| 21:20 | TONY MONTANA · first_building Stable |
| 21:30 | ññññ · first_market_buy 100 food |
| 21:32 | ññññ · first_market_sell 100 wood |
| 21:45 | ññññ · wall_segment Palisade Wall x2 |
| 22:06 | Armazmar · wall_segment Stone Wall x5 |
| 22:31 | PNAL | Trafalgar · first_building Monastery |
| 24:29 | ññññ · age_up castle |
| 24:37 | Armazmar · wall_segment Stone Wall x3 |
| 24:41 | ññññ · first_building Siege Workshop |
| 25:57 | TONY MONTANA · first_market_buy 100 stone |
| 26:05 | Armazmar · age_up imperial |
| 26:17 | ññññ · first_building Barracks |
| 26:54 | Armazmar · first_market_sell 100 food |
| 26:55 | Armazmar · first_market_buy 100 stone |
| 27:20 | PNAL | Trafalgar · first_building Barracks |
| 28:30 | PNAL | Machete · resign |
[ ANÁLISIS IA · 1 CRÉDITO ]
¿Qué pasó realmente en esta partida?
Wolo.gg analiza cada decisión: build order, eco, micro, errores típicos por bracket. Análisis personalizado por WhatsApp o Discord en 30 segundos.
Guía civ
Italianos
Perfil
Jugador #2184616